 Dungeon Crawl Stone Soup version 0.24.0-125-gc4c63601f3 (webtiles) character file.

Game seed: 12543067762614935530, levelgen mode: deterministic

5082 Frank2 the Basher (level 10, -9/76 HPs)
             Began as a Demonspawn Gladiator on Mar 7, 2020.
             Was an Initiate of Qazlal.
             Mangled by Snorg (15 damage)
             ... on level 10 of the Dungeon.
             The game lasted 00:13:53 (8558 turns).

Frank2 the Basher (Demonspawn Gladiator)            Turns: 8558, Time: 00:13:53

Health: -9/76      AC:  7    Str: 15    XL:     10   Next: 31%
Magic:  14/14      EV: 15    Int:  9    God:    Qazlal [......]
Gold:   180        SH:  6    Dex: 18    Spells: 9/9 levels left

rFire    . . .     SeeInvis .   n - +9 dire flail (flame)
rCold    + . .     Gourm    .   (shield currently unavailable)
rNeg     . . .     Faith    .   t - +2 leather armour {MR+}
rPois    .         Spirit   .   c - +1 helmet
rElec    .         Reflect  .   l - scarf {repulsion}
rCorr    .         Harm     .   (no gloves)
MR       ++...                  (no boots)
Stlth    +.........             (no amulet)
HPRegen  0.22/turn              j - ring of protection from magic
MPRegen  0.14/turn              s - ring of protection from cold

@: very slightly contaminated, invisible, repel missiles
A: claws 2, large bone plates 2, demonic guardian 2, foul stench 1, rot immunity
a: Renounce Religion


You were on level 10 of the Dungeon.
You worshipped Qazlal.
Qazlal was noncommittal.
You were not hungry.

You visited 2 branches of the dungeon, and saw 11 of its levels.

You collected 400 gold pieces.
You spent 220 gold pieces at shops.

Inventory:

Hand Weapons
 n - a +9 dire flail of flaming (weapon)
Missiles
 d - 4 throwing nets (quivered)
Armour
 c - a +1 helmet (worn)
 h - a scarf of cloud immunity
 l - a scarf of repulsion (worn)
 t - a +2 leather armour of magic resistance (worn)
Jewellery
 j - a ring of protection from magic (left claw)
 s - a ring of protection from cold (right claw)
Wands
 e - a wand of iceblast (29)
 m - a wand of polymorph (10)
Scrolls
 g - 2 scrolls of remove curse
 k - 3 scrolls of fog
 p - a scroll of enchant weapon
 r - 2 scrolls of fear
 w - 2 scrolls of teleportation
Potions
 a - a potion of flight
 i - 2 potions of haste
 o - a potion of ambrosia
 u - a potion of magic {unknown}
 v - a potion of lignification {unknown}
 x - a potion of brilliance {unknown}
 z - a potion of heal wounds
Comestibles
 f - 23 rations


   Skills:
 + Level 6.1 Fighting
 + Level 10.2 Maces & Flails
 - Level 1.7 Throwing
 + Level 4.0 Armour
 + Level 5.4 Dodging
 * Level 6.1 Evocations


You had 9 spell levels left.
You didn't know any spells.
Your spell library contained the following spells:

 Spells                   Type           Power        Failure   Level  Hunger
 Apportation              Tloc           #.....       45%         1    ##.....
 Summon Butterflies       Summ           #.......     45%         1    ##.....
 Lesser Beckoning         Tloc           #.........   83%         3    ####...
 Tukima's Dance           Hex            #.......     83%         3    ####...
 Alistair's Intoxication  Tmut/Pois      #.......     100%        5    ######.
 Invisibility             Hex            #.......     100%        6    #######


Dungeon Overview and Level Annotations

Branches:
Dungeon (10/15)            Temple (1/1) D:4
   Lair: D:8-11         Orc: D:9-12

Altars:
Ashenzari
Cheibriados
Dithmenos
Elyvilon
Fedhas
Gozag
Hepliaklqana
Kikubaaqudgha
Makhleb
Nemelex Xobeh
Okawaru
Qazlal
Ru
Sif Muna
Trog
Uskayaw
Vehumet
Wu Jian
Xom
Yredelemnul
Zin
The Shining One

Shops:
D:6 *[   D:8 ?

Annotations:
D:9 1 runed translucent door, Frank2's ghost, novice DsGl
D:10 Snorg


Innate Abilities, Weirdness & Mutations

You have very sharp fingernails.
You are mostly covered in large bone plates. (SH +6)
A demonic guardian rushes to your aid.
You may emit foul miasma when damaged in melee.
You are immune to rotting.


Message History

Snorg rages.
A bolt of electricity appears from out of your range of vision.
The bolt of electricity hits your soul eater.
Snorg bites you. You block Snorg's attack. Snorg closely misses you.
Your ice devil hits Snorg!
Your ice devil freezes Snorg!
You catch the helpless Snorg completely off-guard!
You impale Snorg!! You burn Snorg.
Snorg is heavily wounded.
Snorg bites you!!
* * * LOW HITPOINT WARNING * * *
You block Snorg's attack. Snorg closely misses you.
The electric eel shoots out a bolt of lightning at your soul eater!
The bolt of electricity hits the orc!
The orc dies!
Your ice devil hits Snorg.
Your ice devil freezes Snorg!
An electric eel comes into view.
Your soul eater barely misses Snorg.
Snorg bites you!
* * * LOW HITPOINT WARNING * * *
Snorg claws you!
You die...

##########################
..........................
..........................
#..#...###########..#####
..#....@...#............
........3T..#.......<....
≈≈≈;≈≈≈≈≈8.4.#............
≈≈≈≈≈≈≈≈8≈)..######.......
######Y)≈≈)o.# ....####.
...#.≈≈...# .....#
...##≈≈...#.......# ...
.oo...######..# ..
##≈;.... #..


You could see Snorg (berserk), a yak, an electric eel, an orc wizard, 2 orcs, a
friendly soul eater and a friendly ice devil.

Vanquished Creatures
  A hydra (D:8)
  A dream sheep (D:8)
  2 yaks (D:8)
  Grum (D:9)
  A hungry ghost (D:8)
  Duvessa (D:6)
  An orc warrior (D:7)
  2 sky beasts
  A phantom (D:9)
  A wolf (D:9)
  A centaur (D:6)
  2 ogres
  A big kobold (D:8)
  4 bullfrogs
  Dowan (D:6)
  3 scorpions
  4 wights
  4 howler monkeys
  A crimson imp (D:6)
  A hound (D:7)
  A bullfrog skeleton (D:5)
  4 orc priests
  5 orc wizards
  2 iguanas
  Natasha (twice) (D:3)
  Ijyb (D:3)
  7 worker ants
  A hound skeleton (D:4)
  A worker ant zombie (D:9)
  8 adders
  A shadow imp (D:5)
  An ooze (D:1)
  A worm (D:2)
  4 dart slugs
  6 leopard geckos
  23 orcs
  A ball python (D:2)
  8 giant cockroaches
  9 hobgoblins
  8 kobolds
  5 quokkas
  A ball python zombie (D:5)
  5 bats
  4 frilled lizards
  9 goblins
  A jackal skeleton (D:6)
  4 rats
157 creatures vanquished.

Vanquished Creatures (collateral kills)
  Psyche (D:9)
  A hornet (D:8)
  A dream sheep (D:8)
  A hippogriff (D:9)
  A wyvern (D:9)
  Edmund (D:4)
  An orc warrior (D:10)
  A slave (D:4)
  A phantom (D:3)
  2 wolves (D:9)
  2 ogres
  A centaur (D:5)
  2 big kobolds (D:8)
  Blork the orc (D:4)
  3 wights
  A howler monkey (D:6)
  A hound (D:4)
  3 orc priests
  2 bullfrog zombies
  5 orc wizards
  A worker ant (D:4)
  An adder skeleton (D:4)
  6 orcs
  A goblin (D:2)
  A hobgoblin (D:2)
  A quokka (D:2)
  A frilled lizard (D:4)
  A kobold (D:2)
45 creatures vanquished.

Vanquished Creatures (others)
  An orc (D:10)
  A kobold (D:3)
2 creatures vanquished.

Grand Total: 204 creatures vanquished

Notes
Turn   | Place    | Note
-------+----------+-------------------------------------------
     0 | D:1      | Frank2 the Demonspawn Gladiator began the quest for the
                  | Orb.
     0 | D:1      | Reached XP level 1. HP: 16/16 MP: 1/1
    30 | D:1      | Gained mutation: A weak demonic guardian rushes to your
                  | aid. [demonic ancestry]
    30 | D:1      | Reached XP level 2. HP: 3/22 MP: 2/2
   378 | D:1      | Reached skill level 3 in Maces & Flails
   990 | D:1      | Gained mutation: You have sharp fingernails. [demonic
                  | ancestry]
   990 | D:1      | Reached XP level 3. HP: 19/27 MP: 3/3
  1381 | D:2      | Reached skill level 1 in Armour
  1444 | D:2      | Gained mutation: A demonic guardian rushes to your aid.
                  | [demonic ancestry]
  1444 | D:2      | Reached XP level 4. HP: 4/34 MP: 4/4
  2147 | D:3      | Found an opulent altar of Gozag.
  2148 | D:3      | Found a glowing silver altar of Zin.
  2179 | D:3      | Noticed a phantom
  2181 | D:3      | Killed a phantom
  2181 | D:3      | Gained mutation: You have very sharp fingernails. [demonic
                  | ancestry]
  2181 | D:3      | Reached XP level 5. HP: 39/39 MP: 5/5
  2211 | D:3      | Noticed an ogre
  2215 | D:3      | Killed an ogre
  2215 | D:3      | Reached skill level 4 in Maces & Flails
  2301 | D:3      | Noticed Natasha
  2307 | D:3      | Killed Natasha
  2324 | D:3      | Found a shadowy altar of Dithmenos.
  2355 | D:3      | Noticed Ijyb
  2368 | D:3      | Killed Ijyb
  2435 | D:3      | Noticed Natasha
  2444 | D:3      | Killed Natasha
  2444 | D:3      | Gained mutation: You are immune to rotting. [demonic
                  | ancestry]
  2444 | D:3      | Reached XP level 6. HP: 36/46 MP: 6/6
  2970 | D:4      | Noticed Blork the orc
  2981 | D:4      | Killed Blork the orc
  3000 | D:4      | Noticed Edmund
  3010 | D:4      | Killed Edmund
  3010 | D:4      | Reached skill level 5 in Maces & Flails
  3010 | D:4      | Reached skill level 1 in Evocations
  3019 | D:4      | Found a blossoming altar of Fedhas.
  3090 | D:4      | Noticed a slave
  3102 | D:4      | Killed a slave
  3147 | D:4      | Found a staircase to the Ecumenical Temple.
  3175 | Temple   | Entered the Ecumenical Temple
  3430 | D:4      | Gained mutation: You may emit foul miasma when damaged in
                  | melee. [demonic ancestry]
  3430 | D:4      | Reached XP level 7. HP: 13/52 MP: 6/8
  4102 | D:5      | Entered Level 5 of the Dungeon
  4368 | D:5      | Found a basalt altar of Yredelemnul.
  4369 | D:5      | Found a shimmering altar of Xom.
  4370 | D:5      | Found an ancient bone altar of Kikubaaqudgha.
  4371 | D:5      | Found an iron altar of Okawaru.
  4373 | D:5      | Found a white marble altar of Elyvilon.
  5879 | D:6      | Reached skill level 6 in Maces & Flails
  5892 | D:6      | Gained mutation: You are partially covered in large bone
                  | plates. (SH +4) [demonic ancestry]
  5892 | D:6      | Reached XP level 8. HP: 56/60 MP: 8/10
  5907 | D:6      | Noticed Duvessa
  5907 | D:6      | Noticed Dowan
  5910 | D:6      | Killed Dowan
  5914 | D:6      | Killed Duvessa
  5931 | D:6      | Found an opulent altar of Gozag.
  5935 | D:6      | Found Gozag's Platinum Reserve.
  5988 | D:6      | Found Fyciom's Armour Emporium.
  6227 | D:6      | Reached skill level 7 in Maces & Flails
  6588 | D:7      | Found a shattered altar of Ashenzari.
  6653 | D:7      | Reached skill level 5 in Dodging
  6958 | D:7      | Gained mutation: You are mostly covered in large bone
                  | plates. (SH +6) [demonic ancestry]
  6958 | D:7      | Reached XP level 9. HP: 66/66 MP: 12/12
  7181 | D:7      | Reached skill level 8 in Maces & Flails
  7347 | D:8      | Reached skill level 5 in Fighting
  7406 | D:8      | Reached skill level 5 in Evocations
  7412 | D:8      | Reached skill level 9 in Maces & Flails
  7431 | D:8      | Noticed a three-headed hydra
  7436 | D:8      | Killed a three-headed hydra
  7532 | D:8      | Found a radiant altar of Vehumet.
  7546 | D:8      | Reached XP level 10. HP: 68/76 MP: 14/14
  7564 | D:8      | Found Athafaur's Magic Scroll Emporium.
  7572 | D:8      | Bought a scroll of brand weapon for 220 gold pieces
  7774 | D:8      | Found a stormy altar of Qazlal.
  7782 | D:8      | Became a worshipper of Qazlal Stormbringer
  7940 | D:9      | Noticed Psyche
  7948 | D:9      | Killed Psyche
  8049 | D:9      | Noticed Grum
  8055 | D:9      | Reached skill level 10 in Maces & Flails
  8061 | D:9      | Killed Grum
  8320 | D:9      | Found a runed translucent door.
  8325 | D:9      | Noticed Frank2's ghost (novice DsGl)
  8513 | D:10     | Entered Level 10 of the Dungeon
  8545 | D:10     | Noticed Snorg
  8558 | D:10     | Mangled by Snorg

Levels and vault maps discovered:
D:1:      erik_arrival_blinker_ship, layout_basic
D:2:      layout_basic
D:3:      minmay_evil_eye, layout_basic, grunt_temple_overflow_gold_and_silver,
          grunt_dithmenos_smoke_and_mirrors, uniq_ijyb, uniq_natasha
D:4:      layout_cave_pods, fedhas_altar_1, temple_green, uniq_pikel,
          uniq_edmund, uniq_blork_the_orc
D:5:      layout_layer_cave, grunt_temple_overflow_open, first_ration,
          nrook_mini_vaults
D:6:      layout_loops_cross, serial_shops, kennysheep_little_box,
          nicolae_gozag_zags_fifth_avenue, uniq_duvessa
D:7:      layout_loops_ring, lemuel_doored_altar
D:8:      layout_cave_pools, old_standard_altar,
          nicolae_qazlal_eye_of_the_storm, serial_shops,
          nicolae_shop_statue_plus, hangedman_ranch [blue_anna_fruit_fields]
D:9:      layout_roguey, gammafunk_ghost_grave, uniq_psyche, uniq_grum
D:10:     layout_grid_maze, erik_lair_orcish_takeover, erik_orc_2, basic_altar,
          uniq_snorg
Temple:   dpeg_chambers_temple

Skill      XL: |  1  2  3  4  5  6  7  8  9 10 |
---------------+-------------------------------+-----
Dodging        | 3 4 5 |  5.4
Maces & Flails | 3 4 5 6 7 9 10 | 10.2
Armour         | 1 2 3 4 |  4.0
Fighting       | 3 4 5 6 |  6.1
Evocations     | 1 2 4 5 6 |  6.1
Throwing       | |  1.7

Action                   |  1- 3 |  4- 6 |  7- 9 | 10-12 || total
-------------------------+-------+-------+-------+-------++-------
Melee: Flail             |   124 |   156 |   111 |       ||   391
       Dire flail        |       |       |   173 |    39 ||   212
Throw: Throwing net      |       |     3 |       |       ||     3
Evoke: Wand              |       |       |       |     2 ||     2
  Use: Scroll            |       |     6 |    10 |     9 ||    25
       Potion            |       |     3 |     1 |     1 ||     5
 Stab: Sleeping          |     2 |     2 |       |       ||     4
       Distracted        |       |       |     3 |       ||     3
       Invisible         |       |       |       |     2 ||     2
  Eat: Chunk             |     1 |     7 |    11 |     3 ||    22
       Ration            |       |       |     1 |       ||     1
Armor: Leather armour    |    38 |    45 |    93 |     6 ||   182
Dodge: Dodged            |   119 |   128 |   183 |    31 ||   461
       Deflected         |       |       |     3 |       ||     3
Block: Other             |       |       |    26 |    11 ||    37
